 Dungeon Crawl Stone Soup version 0.26-a0-712-ga5a9c9c9d0 (webtiles) character file.

Game seed: 4279852712564347431

(classic levelgen) 289568 EnegeticOcto the Champion of Chaos (level 19, -2/183 HPs)
             Began as a Deep Dwarf Fighter on Nov 3, 2020.
             Was the Champion of Makhleb.
             Splashed by a yellow draconian's acid (5 damage)
             ... on level 5 of the Realm of Zot.
             The game lasted 00:20:31 (18930 turns).

EnegeticOcto the Champion of Chaos (DDFi)          Turns: 18930, Time: 00:20:32

Health: -2/183     AC: 24    Str: 27    XL:     19   Next: 48%
Magic:  0/0        EV: 26    Int: 10    God:    Makhleb [******]
Gold:   2256       SH: 22    Dex: 12    Spells: 18/18 levels left

rFire    + . .     SeeInvis .   a - +8 war axe (flame)
rCold    x x .     Faith    .   A - +0 tower shield
rNeg     + . .     Spirit   .   g - +3 storm dragon scales {Bai Suzhen}
rPois    +         Reflect  .   (helmet restricted)
rElec    +         Harm     .   h - +0 cloak of Follow the Leader {Rampage rC- rCorr Stlth+}
rCorr    +         Rampage  +   u - +2 pair of gloves
MR       ++...                  N - +2 pair of boots {rampage}
Stlth    ..........             L - amulet of the acrobat
HPRegen  0.00/turn              m - ring of fire
MPRegen  0.07/turn              S - +4 ring of evasion

@: corroded, acrobat, non-regenerating
A: damage resistance, heal wounds, antennae 1, deterioration 1, negative energy
resistance 1, sense surroundings 3, poison resistance, no regeneration
}: 3/15 runes: decaying, abyssal, gossamer
a: Heal Wounds, Minor Destruction, Lesser Servant of Makhleb, Major Destruction,
Greater Servant of Makhleb, Renounce Religion


You were on level 5 of the Realm of Zot.
You worshipped Makhleb.
Makhleb was exalted by your worship.
You visited 8 branches of the dungeon, and saw 41 of its levels.
You visited the Abyss 3 times.

You collected 2428 gold pieces.
You spent 172 gold pieces at shops.

Inventory:

Hand Weapons
 a - a +8 war axe of flaming (weapon)
Missiles
 o - 2 throwing nets (quivered)
Armour
 c - a +0 kite shield
 g - +3 storm dragon scales (worn) {Bai Suzhen}
 h - the +0 cloak of Follow the Leader (worn) {Rampage rC- rCorr Stlth+}
   (You found it on level 4 of the Dungeon)

   It makes you vulnerable to cold.
   It provides partial protection from all sources of acid and corrosion.
   It bestows one free step when moving towards enemies.
   It makes you more stealthy.
 i - a +0 plate armour
 q - a +2 plate armour of fire resistance
 r - the +6 chain mail of Grand Music {-Tele Harm +Inv rElec}
   (You found it on level 10 of the Dungeon)

   It insulates you from electricity.
   It lets you turn invisible.
   It prevents most forms of teleportation.
   It increases damage dealt and taken.
 u - a +2 pair of gloves (worn)
 A - a +0 tower shield (worn)
 N - a +2 pair of boots of rampaging (worn)
Jewellery
 m - a ring of fire (left hand)
 n - an uncursed ring of ice
 C - an uncursed ring of see invisible
 L - an amulet of the acrobat (around neck)
 S - a +4 ring of evasion (right hand)
 T - an uncursed amulet of faith
Wands
 j - a wand of disintegration (7)
 w - a wand of digging (10) {@v3}
 I - a wand of acid (16) {@v1}
 O - a wand of iceblast (7) {@v2}
 Q - a wand of paralysis (6)
 R - a wand of polymorph (6)
Scrolls
 e - 7 scrolls of remove curse {@r2}
 f - 2 scrolls of magic mapping {@r5}
 l - 5 scrolls of teleportation {@r3}
 p - a scroll of blinking
 t - 2 scrolls of fog
 y - 2 scrolls of immolation {@r4}
 G - 4 scrolls of identify {@r1}
 M - a scroll of amnesia
Potions
 b - a potion of cancellation
 d - a potion of might {@q3}
 k - 2 potions of haste {@q4}
 v - 3 potions of resistance {@q5}
 x - 2 potions of degeneration
 z - 4 potions of brilliance
 D - 3 potions of stabbing
 E - 3 potions of berserk rage
 F - 2 potions of mutation
 K - 2 potions of ambrosia
 P - 2 potions of magic {unknown}
Miscellaneous
 s - a phantom mirror
 B - a tin of tremorstones (3/3)
 J - a box of beasts (3/3)
 V - a condenser vane (2/2)


   Skills:
 - Level 14.6 Fighting
 - Level 16.0 Axes
 - Level 13.9 Armour
 - Level 16.9 Shields
 + Level 25.2 Invocations
 - Level 6.9 Evocations


You had 18 spell levels left.
You didn't know any spells.
Your spell library was empty.

Dungeon Overview and Level Annotations

Branches:
Dungeon (15/15)            Temple (1/1) D:6            Lair (5/6) D:11
  Swamp (4/4) Lair:3       Spider (4/4) Lair:3          Orc (2/2) D:12
    Elf (0/3) Orc:2        Depths (5/5) D:15            Zot (5/5) Depths:5
  Slime: Lair:5-6    Vaults: D:13-14

Altars:
Ashenzari
Elyvilon
Fedhas
Gozag
Hepliaklqana
Kikubaaqudgha
Makhleb
Nemelex Xobeh
Okawaru
Qazlal
Ru
Trog
Uskayaw
Wu Jian
Xom
Yredelemnul
Zin
The Shining One
Beogh

Shops:
D:6 }   D:7 :   Orc:1 [   Orc:2 *[(:

Portals:
Hell: Depths:5
Abyss: Depths:4
Pandemonium: Depths:5

Annotations:
D:14 exclusion: door
Depths:1 exclusion: orange crystal statue
Zot:5 exclusion: obsidian statue


Innate Abilities, Weirdness & Mutations

You are resistant to damage.
You can heal yourself by infusing magical energy.
You resist negative energy. (rN+)
You passively map a large area around you.
You do not regenerate.
You have a pair of small antennae on your head.
Your body sometimes deteriorates upon taking damage.
Your system is resistant to poisons. (rPois)


Message History

You block the storm dragon's attack. x2
The storm dragon tramples you but does no damage.
You block the yellow draconian's attack.
The storm dragon misses you. The storm dragon closely misses you.
You block the storm dragon's attack. You block the storm dragon's attack. x3
The storm dragon bites you but does no damage.
The storm dragon claws you. The storm dragon completely misses you.
You block the yellow draconian's attack.
The storm dragon completely misses you.
The storm dragon claws you but does no damage.
You block the storm dragon's attack. x2
The storm dragon claws you but does no damage.
You block the storm dragon's attack.
You feel yourself slow down.
You block the yellow draconian's attack.
You block the storm dragon's attack. The storm dragon barely misses you.
The storm dragon closely misses you.
The storm dragon bites you but does no damage.
The storm dragon completely misses you. You block the storm dragon's attack.
The storm dragon breathes lightning at you.
The bolt of lightning hits the storm dragon.
The storm dragon completely resists.
The bolt of lightning misses you. x2
The bolt of lightning misses the storm dragon.
The bolt of lightning hits the storm dragon.
The storm dragon completely resists.
The yellow draconian throws acid at you.
The glob of acid hits you but does no damage.
The acid corrodes you!
You are splashed with acid!
You resist.
* * * LOW HITPOINT WARNING * * *
You block the storm dragon's attack. x3
The storm dragon breathes lightning at you.
The bolt of lightning hits you. You resist.
* * * LOW HITPOINT WARNING * * *
The bolt of lightning misses you.
The bolt of lightning hits the storm dragon.
The storm dragon completely resists.
The bolt of lightning hits the storm dragon.
The storm dragon completely resists.
You block the storm dragon's attack. The storm dragon barely misses you.
The storm dragon misses you.
The yellow draconian completely misses you.
You block the storm dragon's attack.
The storm dragon completely misses you. x2
The storm dragon bites you!
* * * LOW HITPOINT WARNING * * *
You block the storm dragon's attack.
The storm dragon tramples you but does no damage.
You block the storm dragon's attack. x2; The storm dragon tramples you.
You hold your ground!
You block the storm dragon's attack. The storm dragon misses you.
The storm dragon closely misses you.
The yellow draconian hits you but does no damage.
The storm dragon bites you.
* * * LOW HITPOINT WARNING * * *
The storm dragon completely misses you. You block the storm dragon's attack.
The storm dragon completely misses you. The storm dragon misses you. x2
The storm dragon closely misses you. You block the storm dragon's attack.
The storm dragon misses you.
You block the yellow draconian's attack.
The storm dragon closely misses you.
The storm dragon claws you but does no damage.
The storm dragon tramples you but does no damage.
The storm dragon bites you. The storm dragon barely misses you.
You block the storm dragon's attack.
The storm dragon breathes lightning at you.
The bolt of lightning hits you. You resist.
* * * LOW HITPOINT WARNING * * *
The bolt of lightning misses you.
The bolt of lightning hits the storm dragon.
The storm dragon completely resists.
You block the storm dragon's attack. The storm dragon barely misses you.
You block the storm dragon's attack. The yellow draconian misses you.
The storm dragon bites you but does no damage.
The storm dragon closely misses you. The storm dragon barely misses you.
The storm dragon completely misses you. The storm dragon closely misses you.
You block the storm dragon's attack. You block the storm dragon's attack.
The storm dragon misses you. x2
You block the yellow draconian's attack.
You block the storm dragon's attack.
The storm dragon claws you but does no damage.
The storm dragon misses you.
The storm dragon bites you but does no damage.
The storm dragon claws you but does no damage.
The storm dragon closely misses you.
The storm dragon bites you but does no damage.
The storm dragon completely misses you. You block the storm dragon's attack.
The storm dragon bites you but does no damage.
The storm dragon claws you but does no damage.
You block the storm dragon's attack.
You block the yellow draconian's attack.
The storm dragon breathes lightning at you.
The bolt of lightning misses you. x2
The bolt of lightning hits the storm dragon.
The storm dragon completely resists.
The storm dragon bites you but does no damage.
The storm dragon completely misses you. You block the storm dragon's attack.
You block the storm dragon's attack. x3; The storm dragon misses you. x3
The yellow draconian throws acid at you.
The glob of acid hits you but does no damage.
You are splashed with acid.
You resist.
You die...

,,^**#......******,*******,,,,,,,
,,,,,D..............(.,,,,,,,,,,,
,,,,,,,,,,,..........,,,,,,,,,,,,
,,,,,,,,⌠,,,........,,,,,,,,,,,,*
*,,,*********!.....#**,***,,,,,**
*,,,* **.....####.,,,,⌠,** *,,,*
**........!,,,,,** *****
*#dD......,,**** #@D....^.***
#D####...* #### *******#X#*******
#### ...## *,,,,,,DXX,,,,,,*
##... ....## **,,,,,...,,,,,**
##}... .....## *,,,,.^...,,,,*
##..... ......# **,,,.....,,,**
#...... ......# *,,.......,,*
#...^.. ......# **^,,,,,,,,,,**
#......


You could see a shadow dragon, 3 storm dragons, a yellow draconian (catching
breath) and 3 Orb Guardians.

Vanquished Creatures
  An ancient lich (Abyss:2)
  A curse toe (Zot:4)
  A golden dragon (Depths:5)
  A bone dragon (Depths:5)
  A lich (Abyss:1)
  A Hell Sentinel (Abyss:1)
  4 tentacled monstrosities
  An Executioner (Abyss:1)
  8 tentacled starspawn (Abyss:1)
  5 sphinxes (Depths:1)
  An eldritch tentacle (Abyss:4)
  A shadow dragon (Zot:2)
  2 thorn hunters (Swamp:4)
  Kirke (Swamp:4)
  A storm dragon (Zot:2)
  2 fire giants (Depths:1)
  5 ghost moths
  An emperor scorpion (Spider:4)
  An iron dragon (Depths:4)
  3 draconian scorchers (Zot:2)
  2 orc warlords (Orc:2)
  A reaper (Abyss:4)
  A draconian annihilator (Zot:2)
  2 stone giants
  3 entropy weavers (Spider:4)
  2 white draconians
  Azrael (D:13)
  3 black draconians
  3 spark wasps (Spider:4)
  4 purple draconians
  An ettin (Depths:1)
  2 merfolk impalers (Depths:5)
  3 great orbs of eyes
  3 fire dragons
  3 yaktaur captains
  3 rakshasas
  2 vault guards (D:14)
  A shambling mangrove (Swamp:4)
  A merfolk avatar (Abyss:4)
  3 boulder beetles
  3 catoblepae
  A ghost crab (Swamp:3)
  3 centaur warriors
  22 hydras
  An ogre mage (Depths:2)
  11 two-headed ogres
  4 alligators
  6 deep troll earth magi
  2 tengu warriors (D:15)
  7 deep troll shamans
  A spriggan berserker (Depths:4)
  Urug (Orc:2)
  7 thrashing horrors
  Sonja (Orc:2)
  A deep elf knight (D:14)
  2 iron trolls (Depths:2)
  A titan skeleton (Abyss:1)
  3 wretched stars
  A fire crab (shapeshifter) (Depths:2)
  5 skeletal warriors (D:15)
  2 spatial maelstroms
  A flayed ghost (Abyss:1)
  18 deep trolls
  2 glowing orange brains
  7 swamp dragons (Swamp:4)
  2 unseen horrors
  5 wizards
  A phantasmal warrior (Abyss:1)
  5 orc knights
  A necromancer (D:15)
  2 oklob plants (D:11)
  3 harpies (Depths:1)
  2 deep elf magi
  6 orc sorcerers
  8 orb spiders
  A wolf spider zombie (D:15)
  A fire giant zombie (Abyss:1)
  19 wolf spiders
  A cyclops (D:14)
  5 manticores (Depths:1)
  5 elephants (Lair:3)
  3 ugly things (D:15)
  A worldbinder (Abyss:2)
  A salamander (Depths:5)
  3 moths of wrath
  An eye of devastation (Abyss:4)
  An apocalypse crab (Abyss:1)
  2 smoke demons
  A naga mage (D:15)
  2 black mambas
  A torpor snail (Spider:4)
  12 cane toads
  A gargoyle (D:12)
  A molten gargoyle (Lair:5)
  An orange demon (Abyss:2)
  2 rime drakes
  7 komodo dragons
  4 centaur skeletons
  A tormentor (Abyss:1)
  2 efreet
  10 yaktaurs
  2 kobold demonologists
  9 demonic crawlers
  2 ice devils (D:13)
  A hellwing (Abyss:2)
  3 ancient zymes (Abyss:1)
  A harpy zombie (D:15)
  2 tengu conjurers
  19 jumping spiders
  5 trolls
  2 tyrant leeches
  13 hornets
  9 blink frogs
  Prince Ribbit (D:6)
  12 bog bodies
  7 slime creatures
  A raiju (shapeshifter) (Depths:2)
  5 raiju (Abyss:1)
  A meliai zombie (D:12)
  3 ynoxinuls (Abyss:1)
  3 shadows
  15 starcursed masses
  A vampire (D:15)
  4 spriggans
  A water elemental (Depths:2)
  21 tarantellas
  3 wraiths
  42 redbacks
  2 hogs (Swamp:4)
  23 yaks
  4 wyverns
  4 fire bats (Abyss:1)
  A golden eye (Abyss:1)
  A yak (shapeshifter) (Depths:2)
  A chaos spawn (Abyss:1)
  2 fire elementals (D:13)
  3 basilisks
  A neqoxec (Abyss:3)
  10 vampire mosquitoes (Swamp:2)
  2 spatial vortices
  A warg (Orc:2)
  7 swamp worms
  6 hell hounds
  A soldier ant (D:10)
  4 acid dragons
  10 water moccasins
  12 large abominations
  A floating eye (Depths:4)
  6 sky beasts
  3 phantoms
  A merfolk skeleton (Abyss:2)
  4 swamp drakes (Swamp:4)
  5 ice beasts
  28 orc warriors
  A black mamba simulacrum (Abyss:3)
  3 black bears
  3 wolves (Lair:5)
  11 centaurs
  12 ogres
  16 bullfrogs
  9 small abominations
  A water moccasin skeleton (D:8)
  7 scorpions
  14 killer bees
  4 wights (D:12)
  4 howler monkeys
  An electric eel (Lair:5)
  A crimson imp (Abyss:3)
  3 jellies
  5 centaur zombies
  13 hounds
  2 quasits
  3 bullfrog zombies
  17 orc priests
  A bullfrog skeleton (D:12)
  24 orc wizards
  An iron imp (Abyss:4)
  3 iguanas
  11 hell rats
  8 worker ants
  2 hound zombies
  2 worker ant zombies
  11 gnolls
  A howler monkey skeleton (D:5)
  12 adders
  5 shadow imps
  3 white imps
  An ufetubus (Abyss:3)
  An adder skeleton (D:4)
  An adder zombie (D:8)
  A worm (D:2)
  A dart slug (D:1)
  4 leopard geckos
  91 orcs
  4 giant cockroaches
  2 goblins
  2 jackals (D:8)
  2 kobolds (D:1)
  2 quokkas
  2 bats
  A giant cockroach zombie (D:5)
  A jackal skeleton (D:4)
  A quokka zombie (D:8)
  A rat (D:1)
  A lurking horror (Abyss:1)
  13 starspawn tentacles (Abyss:1)
1000 creatures vanquished.

Vanquished Creatures (collateral kills)
  A golden dragon (Zot:4)
  A bone dragon (Depths:5)
  2 death cobs (Zot:2)
  A tentacled starspawn (Abyss:4)
  A draconian monk (Zot:4)
  A fire giant (Depths:4)
  A draconian scorcher (Zot:4)
  An emperor scorpion (Spider:3)
  A draconian annihilator (Zot:4)
  An entropy weaver (Spider:4)
  A red draconian (Zot:4)
  2 green draconians (Zot:4)
  A yellow draconian (Depths:5)
  An ettin (Depths:4)
  A fire dragon (Depths:4)
  A hydra (Swamp:4)
  A spriggan berserker (Depths:5)
  A deep troll (Depths:3)
  3 wolf spiders (Spider:4)
  2 orb spiders (Spider:4)
  A demonic crawler (Spider:4)
  2 jumping spiders (Spider:4)
  A hornet (Spider:4)
  2 blink frogs (Abyss:4)
  5 redbacks (Spider:4)
  A fire elemental (D:13)
  A hog (Swamp:4)
  A swamp worm (shapeshifter) (Depths:5)
  A gnoll sergeant (Orc:2)
  An electric eel (Spider:3)
  An orc priest (Orc:2)
  2 orcs (Orc:2)
44 creatures vanquished.

Vanquished Creatures (others)
  Bai Suzhen (Spider:4)
  3 humans (Swamp:4)
  2 briar patches (Swamp:4)
  9 fungi
  A lurking horror (Abyss:2)
  27 plants
  19 starspawn tentacles
62 creatures vanquished.

Grand Total: 1106 creatures vanquished

Notes
Turn   | Place    | Note
-------+----------+-------------------------------------------
     0 | D:1      | EnegeticOcto the Deep Dwarf Fighter began the quest for the
                  | Orb.
     0 | D:1      | Reached XP level 1. HP: 20/20 MP: 1/1
   123 | D:1      | Reached XP level 2. HP: 27/27 MP: 2/2
   243 | D:2      | Reached XP level 3. HP: 22/34 MP: 3/3
   296 | D:3      | Reached XP level 4. HP: 36/42 MP: 4/4
   360 | D:4      | Reached XP level 5. HP: 40/49 MP: 4/4
   366 | D:4      | Got a translucent cloak
   371 | D:4      | Identified the cursed +0 cloak of Follow the Leader
                  | {Rampage rC- rCorr Stlth+} (You found it on level 4 of the
                  | Dungeon)
   510 | D:4      | Reached XP level 6. HP: 30/56 MP: 4/4
   725 | D:4      | Reached skill level 5 in Axes
   966 | D:4      | Reached skill level 5 in Armour
   966 | D:4      | Reached XP level 7. HP: 42/64 MP: 4/4
  1107 | D:5      | Entered Level 5 of the Dungeon
  1137 | D:5      | Reached skill level 5 in Shields
  1625 | D:6      | Reached XP level 8. HP: 41/73 MP: 4/4
  1773 | D:6      | Reached skill level 5 in Fighting
  1781 | D:6      | Found a staircase to the Ecumenical Temple.
  1796 | Temple   | Entered the Ecumenical Temple
  1850 | Temple   | Became a worshipper of Makhleb the Destroyer
  1883 | D:6      | Found Unosin's Gadget Boutique.
  1955 | D:6      | Reached skill level 1 in Invocations
  2095 | D:6      | Noticed Prince Ribbit
  2104 | D:6      | Killed Prince Ribbit
  2104 | D:6      | Reached skill level 2 in Invocations
  2104 | D:6      | Gained mutation: You passively map the area around you.
                  | [Deep Dwarf growth]
  2104 | D:6      | Reached XP level 9. HP: 47/81 MP: 5/5
  2224 | D:7      | Found a stormy altar of Qazlal.
  2224 | D:7      | Found a sparkling altar of Nemelex Xobeh.
  2224 | D:7      | Found a sacrificial altar of Ru.
  2224 | D:7      | Found a hide-covered altar of Uskayaw.
  2234 | D:7      | Found a bloodstained altar of Trog.
  2234 | D:7      | Found a hazy altar of Hepliaklqana.
  2389 | D:7      | Identified a scroll of acquirement
  2389 | D:7      | Acquired a manual of Axes
  2498 | D:7      | Reached skill level 3 in Invocations
  2536 | D:7      | Found Duret's Book Shop.
  2873 | D:8      | Reached * piety under Makhleb
  3024 | D:8      | Reached skill level 10 in Axes
  3024 | D:8      | Reached skill level 4 in Invocations
  3157 | D:8      | Noticed a two-headed ogre
  3171 | D:8      | Killed a two-headed ogre
  3171 | D:8      | Reached XP level 10. HP: 40/92 MP: 7/7
  3199 | D:8      | Reached skill level 5 in Invocations
  3802 | D:9      | Reached ** piety under Makhleb
  4352 | D:10     | Entered Level 10 of the Dungeon
  4403 | D:10     | Got a transparent chain mail
  4413 | D:10     | Identified the +6 chain mail of Grand Music {-Tele Harm
                  | +Inv rElec} (You found it on level 10 of the Dungeon)
  4484 | D:10     | Reached skill level 6 in Invocations
  4632 | D:10     | Noticed a two-headed ogre
  4645 | D:10     | Killed a two-headed ogre
  4670 | D:10     | Noticed a two-headed ogre
  4676 | D:10     | Killed a two-headed ogre
  4806 | D:10     | Noticed a two-headed ogre
  4812 | D:10     | Killed a two-headed ogre
  4812 | D:10     | Reached skill level 7 in Invocations
  4812 | D:10     | Reached XP level 11. HP: 53/100 MP: 5/5
  4957 | D:10     | Noticed a two-headed ogre
  4962 | D:10     | Killed a two-headed ogre
  5045 | D:11     | Found a staircase to the Lair.
  5045 | D:11     | Noticed an oklob plant
  5153 | D:11     | Noticed a two-headed ogre
  5158 | D:11     | Killed a two-headed ogre
  5158 | D:11     | Reached skill level 8 in Invocations
  5172 | D:11     | Reached *** piety under Makhleb
  5390 | D:11     | Noticed a two-headed ogre
  5395 | D:11     | Killed a two-headed ogre
  5409 | D:11     | Noticed an oklob plant
  5419 | D:11     | Killed an oklob plant
  5435 | D:11     | Killed an oklob plant
  5860 | D:12     | You fall into a shaft and drop 2 floors!
  5860 | D:14     | Noticed a vault guard
  5861 | D:14     | Noticed a wizard
  5873 | D:14     | Killed a wizard
  5873 | D:14     | Reached skill level 9 in Invocations
  5882 | D:14     | Killed a vault guard
  5928 | D:14     | Noticed a vault guard
  5939 | D:14     | Killed a vault guard
  5953 | D:14     | Noticed a deep elf knight
  5953 | D:14     | Noticed an orc knight
  5962 | D:14     | Killed a deep elf knight
  5962 | D:14     | Reached skill level 15 in Axes
  5969 | D:14     | Killed an orc knight
  5969 | D:14     | Reached XP level 12. HP: 88/110 MP: 6/6
  6005 | D:14     | Reached skill level 10 in Invocations
  6013 | D:14     | Noticed an eight-headed hydra
  6023 | D:14     | Killed a four-headed hydra
  6324 | D:14     | Noticed a catoblepas
  6331 | D:14     | Gained mutation: You tend to lose your temper in combat. [a
                  | neqoxec]
  6339 | D:14     | Killed a catoblepas
  6373 | D:14     | Noticed a seven-headed hydra
  6390 | D:14     | Killed a one-headed hydra
  6538 | D:14     | Noticed a boulder beetle
  6547 | D:14     | Killed a boulder beetle
  6748 | D:13     | Lost mutation: You tend to lose your temper in combat.
                  | [potion of mutation]
  6748 | D:13     | Gained mutation: Your system is resistant to poisons.
                  | (rPois) [potion of mutation]
  6748 | D:13     | Gained mutation: You have a pair of small antennae on your
                  | head. [potion of mutation]
  6782 | D:13     | Noticed Azrael
  6796 | D:13     | Reached skill level 10 in Armour
  6796 | D:13     | Reached skill level 11 in Invocations
  6802 | D:13     | Reached **** piety under Makhleb
  6809 | D:13     | Killed Azrael
  6809 | D:13     | Reached skill level 10 in Shields
  6860 | D:13     | Noticed a centaur warrior
  6865 | D:13     | Killed a centaur warrior
  7032 | D:12     | Noticed a two-headed ogre
  7038 | D:12     | Noticed a two-headed ogre
  7042 | D:12     | Killed a two-headed ogre
  7047 | D:12     | Killed a two-headed ogre
  7260 | D:12     | Reached skill level 12 in Invocations
  7387 | D:12     | Reached XP level 13. HP: 101/121 MP: 9/9
  7420 | D:12     | Found a staircase to the Orcish Mines.
  7498 | D:12     | Reached ***** piety under Makhleb
  7647 | Lair:1   | Entered Level 1 of the Lair of Beasts
  8705 | Lair:3   | Reached skill level 13 in Invocations
  8908 | Lair:3   | Found a staircase to the Swamp.
  8948 | Lair:3   | Found a hole to the Spider Nest.
  9440 | Lair:4   | Reached skill level 10 in Fighting
 10447 | Lair:5   | Gained mutation: You resist negative energy. (rN+) [Deep
                  | Dwarf growth]
 10447 | Lair:5   | Reached XP level 14. HP: 133/133 MP: 11/11
 10944 | Swamp:1  | Entered Level 1 of the Swamp
 10953 | Swamp:1  | Reached skill level 14 in Invocations
 11122 | Swamp:3  | Found a shimmering altar of Xom.
 11177 | Swamp:4  | Entered Level 4 of the Swamp
 11385 | Swamp:4  | Noticed Kirke
 11393 | Swamp:4  | Noticed a cacodemon
 11394 | Swamp:4  | Noticed a balrug
 11396 | Swamp:4  | Gained mutation: Your body sometimes deteriorates upon
                  | taking damage. [a cacodemon]
 11418 | Swamp:4  | Killed Kirke
 11441 | Swamp:4  | Noticed a thorn hunter
 11450 | Swamp:4  | Reached skill level 15 in Invocations
 11461 | Swamp:4  | Killed a thorn hunter
 11544 | Swamp:4  | Got a decaying rune of Zot
 11558 | Swamp:4  | Noticed a thorn hunter
 11572 | Swamp:4  | Killed a thorn hunter
 11736 | Swamp:2  | Reached XP level 15. HP: 139/144 MP: 4/4
 11843 | Spider:1 | Entered Level 1 of the Spider Nest
 12131 | Spider:2 | Reached ****** piety under Makhleb
 12430 | Spider:3 | Reached skill level 16 in Invocations
 12458 | Spider:4 | Entered Level 4 of the Spider Nest
 12661 | Spider:4 | Noticed Bai Suzhen
 12699 | Spider:4 | Killed Bai Suzhen
 12817 | Spider:4 | Noticed a ghost moth
 12821 | Spider:4 | Noticed a ghost moth
 12824 | Spider:4 | Reached skill level 17 in Invocations
 12828 | Spider:4 | Noticed a ghost moth
 12850 | Spider:4 | Killed a ghost moth
 12850 | Spider:4 | Reached XP level 16. HP: 154/154 MP: 4/4
 12852 | Spider:4 | Reached skill level 15 in Shields
 12903 | Spider:4 | Got a gossamer rune of Zot
 13859 | D:15     | Entered Level 15 of the Dungeon
 14260 | D:15     | Reached skill level 1 in Evocations
 14438 | Orc:1    | Entered Level 1 of the Orcish Mines
 14454 | Orc:1    | Found Zux Hukh's Armour Shoppe.
 14733 | Orc:2    | Entered Level 2 of the Orcish Mines
 14820 | Orc:2    | Noticed Urug
 14853 | Orc:2    | Killed Urug
 14877 | Orc:2    | Reached skill level 18 in Invocations
 14961 | Orc:2    | Found a roughly hewn altar of Beogh.
 15025 | Orc:2    | Found a roughly hewn altar of Beogh.
 15038 | Orc:2    | Found Roeqaon's General Store.
 15166 | Orc:2    | Found a staircase to the Elven Halls.
 15179 | Orc:2    | Noticed Sonja
 15182 | Orc:2    | Killed Sonja
 15217 | Orc:2    | Found Qogreonu's Antique Armour Emporium.
 15233 | Orc:2    | Found a roughly hewn altar of Beogh.
 15237 | Orc:2    | Found Pauttuu's Antique Weapon Shoppe.
 15282 | Orc:2    | Bought a pair of embroidered boots for 172 gold pieces
 15522 | Orc:2    | Found a roughly hewn altar of Beogh.
 15539 | Orc:2    | Found Numoik's Book Emporium.
 15740 | D:15     | Found a staircase to the Depths.
 15745 | Depths:1 | Entered Level 1 of the Depths
 15755 | Depths:1 | Noticed a sphinx
 15762 | Depths:1 | Noticed a sphinx
 15768 | Depths:1 | Noticed a sphinx
 15782 | Depths:1 | Killed a sphinx
 15782 | Depths:1 | Reached XP level 17. HP: 165/165 MP: 5/5
 15847 | Depths:1 | Reached skill level 5 in Evocations
 15938 | Depths:2 | Reached skill level 19 in Invocations
 16064 | Depths:4 | Paralysed by a floating eye for 4 turns
 16085 | Depths:4 | Found a one-way gate to the infinite horrors of the Abyss.
 16139 | Depths:4 | Voluntarily entered the Abyss.
 16148 | Abyss:1  | Found a corrupted altar of Lugonu.
 16221 | Abyss:1  | Noticed a lich
 16233 | Abyss:1  | Killed a lich
 16388 | Abyss:1  | Reached skill level 20 in Invocations
 16388 | Abyss:1  | Gained mutation: You passively map a large area around you.
                  | [Deep Dwarf growth]
 16388 | Abyss:1  | Reached XP level 18. HP: 176/176 MP: 2/4
 16419 | Abyss:1  | Found a corrupted altar of Lugonu.
 16886 | Depths:4 | Escaped the Abyss
 16888 | Depths:4 | Voluntarily entered the Abyss.
 17092 | Abyss:1  | Reached skill level 21 in Invocations
 17258 | Abyss:1  | Noticed a Hell Sentinel
 17287 | Abyss:1  | Killed a Hell Sentinel
 17293 | Depths:4 | Escaped the Abyss
 17295 | Depths:4 | Voluntarily entered the Abyss.
 17631 | Abyss:2  | Noticed an ancient lich
 17635 | Abyss:2  | Noticed a Hell Sentinel
 17663 | Abyss:2  | Killed an ancient lich
 17663 | Abyss:2  | Reached skill level 22 in Invocations
 17966 | Abyss:4  | Found a corrupted altar of Lugonu.
 17966 | Abyss:4  | Found a corrupted altar of Lugonu.
 17997 | Abyss:4  | Got an abyssal rune of Zot
 18158 | Depths:4 | Escaped the Abyss
 18191 | Depths:5 | Entered Level 5 of the Depths
 18213 | Depths:5 | Reached skill level 23 in Invocations
 18302 | Depths:5 | Noticed a golden dragon
 18315 | Depths:5 | Found a one-way gate leading to the halls of Pandemonium.
 18330 | Depths:5 | Killed a golden dragon
 18367 | Depths:5 | Found a gateway to Hell.
 18465 | Depths:5 | Noticed a bone dragon
 18483 | Depths:5 | Killed a bone dragon
 18483 | Depths:5 | Reached XP level 19. HP: 95/183 MP: 5/5
 18489 | Depths:5 | Noticed a bone dragon
 18505 | Depths:5 | Killed a bone dragon
 18507 | Depths:5 | Found a gate to the Realm of Zot.
 18516 | Zot:1    | Entered Level 1 of the Realm of Zot
 18571 | Zot:2    | Reached skill level 24 in Invocations
 18752 | Zot:4    | Noticed a curse toe
 18752 | Zot:4    | Noticed a golden dragon
 18763 | Zot:4    | Killed a golden dragon
 18778 | Zot:4    | Killed a curse toe
 18778 | Zot:4    | Reached skill level 25 in Invocations
 18791 | Zot:5    | Entered Level 5 of the Realm of Zot
 18825 | Zot:5    | Noticed an ancient lich
 18826 | Zot:5    | Noticed a golden dragon
 18846 | Zot:5    | Noticed an orb of fire
 18846 | Zot:5    | Noticed an electric golem
 18846 | Zot:5    | Noticed a Killer Klown
 18846 | Zot:5    | Noticed an orb of fire
 18846 | Zot:5    | Noticed an orb of fire
 18846 | Zot:5    | Noticed a golden dragon
 18846 | Zot:5    | Noticed an orb of fire
 18871 | Zot:5    | Noticed an orb of fire
 18924 | Zot:5    | HP: 8/183 [storm dragon (11)]
 18927 | Zot:5    | HP: 3/183 [storm dragon/bolt of lightning (2)]
 18930 | Zot:5    | Splashed by a yellow draconian's acid

Illustrated notes

Levels and vault maps discovered:
D:1:      minmay_arrival_semitransparent, layout_loops_cross
D:2:      layout_loops_ring
D:3:      layout_loops_ring, gammafunk_ghost_grave,
          chequers_ecumenical_altar_island
D:4:      layout_gridville
D:5:      layout_rooms, hangedman_minor_gate_pass
D:6:      layout_rooms, minmay_temple_entry_mini_moons, serial_shops, shop,
          uniq_prince_ribbit1
D:7:      layout_loops_ring, minmay_overflow_temple_hex, serial_shops, shop
D:8:      layout_basic
D:9:      layout_loops_ring
D:10:     layout_loops_ring
D:11:     layout_cave_pods, dpeg_oklobed_lair
D:12:     layout_rooms, orc_0_dummy
D:13:     layout_grid_maze, portal_ice_cave_demonic_guard, uniq_azrael
D:14:     layout_loops_ring, grunt_vaults_entry_fortified, moated_statue
D:15:     grunt_enter_depths_magical_seal, layout_layer_cave,
          chequers_serial_rivers_micro_e, lemuel_nasty_fountain
Temple:   regret_index_temple_sphere_string
Lair:1:   layout_loops_ring, serial_bayou_shore_a
Lair:2:   layout_cave_pods, minivault_23
Lair:3:   layout_loops_ring, swamp_mist_pool, nicolae_spider_entry_orb_guardian,
          serial_rivers, chequers_serial_rivers_large_a,
          chequers_serial_rivers_small_a, chequers_serial_rivers_small_a,
          chequers_serial_rivers_micro_e, chequers_serial_rivers_micro_b,
          lemuel_fruit_tree
Lair:4:   layout_long_grid
Lair:5:   layout_gridlike, infiniplex_staircase_pool, grunt_megastairs_3,
          lemuel_fruit_fields
Swamp:1:  layout_basic_swamp, evilmike_swamp_ruin_house_1
Swamp:2:  layout_basic_swamp, evilmike_swamp_ruin_house_2
Swamp:3:  layout_falls_marsh, lemuel_altar_in_water
Swamp:4:  swamp_basic_johnstein, layout_basic_swamp, uniq_kirke
Spider:1: layout_spider_delve, uniq_asterion
Spider:2: layout_chambers
Spider:3: layout_spider_delve, ebering_ghost_inner_flame
Spider:4: grunt_spider_rune_parallel, uniq_bai_suzhen
Orc:1:    layout_caves, serial_shops, shop, uniq_erolcha
Orc:2:    grunt_orc_community_town_hall, layout_caves,
          grunt_orc_community_big_house_2, grunt_orc_community_big_house_2,
          grunt_orc_community_house_1, grunt_orc_community_house_2,
          grunt_orc_community_house_3, grunt_orc_community_house_1,
          grunt_orc_community_house_1, grunt_orc_community_house_1,
          sword_in_stone, uniq_sonja
Depths:1: minmay_crescents, layout_basic, special_room
          [special_room_mythical_zoo], hell_entry, chequers_decorated_corner,
          minivault_16, guppyfry_shop_venom
Depths:2: regret_index_uskayaw_diablada_macabre, layout_cave_pools,
          lightli_too_deep, minmay_hedge_maze, pan_entry, nicolae_blasting_shop,
          minmay_staircase_windowed_large, serial_bayou_shore_b,
          minmay_shop_grove, serial_bayou_shore_b
Depths:3: minmay_the_grid_net [minmay_the_grid_doors, minmay_the_grid_empty,
          minmay_the_grid_stretched_grid, minmay_the_grid_broken_lines,
          minmay_the_grid_large_cup, minmay_the_grid_prize_diamond_cup],
          layout_basic, enter_ziggurat_a, hangedman_tar_grid_catacomb,
          wad_floor_pattern_untrapped, abyss_entry, rand_demon_pan_entry_1,
          eino_tiny_chamber, chequers_serial_rivers_small_a, minmay_crystal_room
Depths:4: gold_lair_mu, layout_cave_shapes, pf_dread_powers_of_hell,
          abyss_entry, pan_entry, hex_medium, minmay_staircase_bubble
Depths:5: evilmike_zot_entry_round, layout_gridlike, rand_demon_pan_entry_3,
          hangedman_coc_ice_floe, serial_glass, glass_columns_b,
          glass_columns_a, infiniplex_staircase_pool_lava
Zot:1:    layout_concentric_octagons, basic_altar
Zot:2:    layout_gridville, st_single_dragon_hoard_4
Zot:3:    layout_cathedral_of_symmetry
Zot:4:    layout_misc_corridors
Zot:5:    layout_misc_corridors

Skill      XL: |  1  2  3  4  5  6  7  8  9 10 11 12 13 14 15 16 17 18 19 |
---------------+----------------------------------------------------------+-----
Fighting       | 3 4 5 6 7 8 9 10 11 12 13 14 | 14.6
Axes           | 3 4 5 6 8 11 13 15 16 | 16.0
Armour         | 4 5 6 7 8 9 10 11 12 13 | 13.9
Shields        | 4 5 6 7 8 9 10 12 13 14 15 16 | 16.9
Invocations    | 2 4 7 9 12 13 15 17 18 20 23 25 | 25.2
Evocations     | 4 6 |  6.9

Action                   |  1- 3 |  4- 6 |  7- 9 | 10-12 | 13-15 | 16-18 | 19-21 || total
-------------------------+-------+-------+-------+-------+-------+-------+-------++-------
Melee: War axe           |    60 |   133 |   341 |   578 |  1058 |  1507 |   127 ||  3804
Invok: Lesser Servant of |       |       |       |     1 |     9 |     6 |     1 ||    17
       Greater Servant o |       |       |       |       |     7 |     5 |     2 ||    14
 Abil: Heal Wounds       |     2 |     3 |    17 |    18 |    38 |    26 |    13 ||   117
Evoke: Wand              |       |       |       |       |     1 |     4 |     3 ||     8
       Condenser vane    |       |       |       |       |     1 |     3 |     1 ||     5
       Tin of tremorston |       |       |       |       |       |     3 |       ||     3
  Use: Scroll            |       |       |     9 |    17 |     8 |    12 |     7 ||    53
       Potion            |       |       |       |     1 |    11 |     2 |     5 ||    19
 Stab: Sleeping          |       |     2 |     2 |       |       |       |       ||     4
       Distracted        |       |       |     1 |     3 |     1 |     3 |     4 ||    12
       Confused          |       |       |       |       |     4 |     2 |       ||     6
       Invisible         |       |       |       |       |    29 |     7 |       ||    36
       Petrified         |       |       |       |       |       |     5 |       ||     5
Armor: Scale mail        |    26 |    63 |    51 |       |       |       |       ||   140
       Chain mail        |       |       |    38 |   207 |   635 |       |       ||   880
       Plate armour      |       |       |   100 |    71 |       |   533 |       ||   704
       Storm dragon scal |       |       |       |       |    18 |   111 |   173 ||   302
Dodge: Dodged            |    17 |    31 |   107 |   132 |   247 |   241 |   177 ||   952
Block: Kite shield       |    41 |    66 |   198 |   275 |       |       |       ||   580
       Tower shield      |       |       |       |    27 |  1168 |  1379 |   301 ||  2875

Table legend: (Time is in decaauts)
 A = Elapsed time spent in this place.
 B = Non-inter-level travel time spent in this place.
 C = Inter-level travel time spent in this place.
 D = Time resting spent in this place.
 E = Time spent auto-exploring this place.
 F = Levels seen in this place.
 G = Mean time per level.
                   A        B        C        D        E       F      G
               +--------+--------+--------+--------+--------+-----+--------+
         Total |  18467 |  16798 |   1669 |    108 |  11028 |  47 |  392.9 |
       Dungeon |   8978 |   8163 |    815 |      0 |   5909 |  15 |  598.5 |
        Temple |     67 |     55 |     12 |      0 |     45 |   1 |   67.0 |
          Lair |   3375 |   3078 |    297 |      0 |   2621 |   5 |  675.0 |
         Swamp |    870 |    682 |    188 |      0 |    197 |   4 |  217.5 |
   Spider Nest |   1173 |    969 |    204 |     22 |    372 |   4 |  293.2 |
  Orcish Mines |   1101 |   1035 |     66 |      0 |    660 |   2 |  550.5 |
        Depths |    648 |    636 |     12 |      0 |     97 |   5 |  129.6 |
           Zot |    376 |    304 |     72 |     86 |      0 |   5 |   75.2 |
         Abyss |   1875 |   1875 |      0 |      0 |   1126 |   6 |  312.5 |
               +--------+--------+--------+--------+--------+-----+--------+

Top non-repeatable levels by time:
 Abyss:1: 1122 daAuts
    D:14: 991 daAuts
  Lair:3: 987 daAuts
    D:11: 902 daAuts
     D:8: 861 daAuts
     D:4: 815 daAuts
    D:13: 814 daAuts
   Orc:2: 794 daAuts
  Lair:5: 763 daAuts
  Lair:4: 743 daAuts
  Lair:2: 722 daAuts
    D:12: 710 daAuts
    D:10: 663 daAuts
     D:7: 659 daAuts
     D:9: 647 daAuts
